 Dungeon Crawl Stone Soup version 0.20-a0-548-g4f8a798 (webtiles) character file.

196648 ololoev the Eclecticist (level 17, -1/126 HPs)
             Began as a Mummy Fire Elementalist on Feb 1, 2017.
             Was a High Priest of Sif Muna.
             Killed from afar by a fire giant (88 damage)
             ... with a bolt of fire
             ... on level 1 of the Vaults.
             The game lasted 03:01:35 (47794 turns).

ololoev the Eclecticist (Mummy Fire Elementalist)  Turns: 47794, Time: 03:01:36

Health: -1/126     AC: 26    Str: 13    XL:     17   Next: 75%
Magic:  20/37      EV: 16    Int: 27    God:    Sif Muna [*****.]
Gold:   1157       SH:  6    Dex: 12    Spells: 10/49 levels left

rFire    x . .     SeeInvis +   a - +10 rapier of Compassion {pierce, rElec rPois Stlth-}
rCold    + . .     Gourm    .   s - +4 troll leather armour {Snorg}
rNeg     + + +     Faith    .   g - +1 buckler
rPois    ∞         Spirit   .   o - +2 helmet {Int+3}
rElec    +         Reflect  .   m - +2 cloak of the Thief {+Fog Slay-2 SInv Stlth+}
rCorr    .         Harm     .   l - +2 pair of gloves "Qeamunast" {rElec}
MR       ++...                  x - +2 pair of boots of the Assassin {Detection Stab+ Stlth++}
Stlth    ++++......             v - amulet of magic regeneration
Regen    0.8/turn               n - +4 ring of intelligence
                                w - +5 ring of protection

@: very slightly contaminated, delayed fireball, repel missiles
A: no food or potions, fire vulnerability, cold resistance 1, negative energy
resistance 3, torment resistance, unbreathing, in touch with death 1
}: 1/15 runes: barnacled
a: Divine Energy, Channel Magic, Forget Spell, Renounce Religion, Release
Delayed Fireball, Evoke Fog


Innate Abilities, Weirdness & Mutations

You do not eat or drink.
Your flesh is vulnerable to fire.
You are immune to poison.
Your flesh is cold resistant. (rC+)
You are immune to negative energy. (rN+++)
You are immune to unholy pain and torment.
You can survive without breathing.
You are in touch with the powers of death.

Inventory:

Hand Weapons
 a - the +10 rapier of Compassion (weapon) {pierce, rElec rPois Stlth-}
   (You bought it in a shop on level 2 of the Orcish Mines)

   It inflicts extra damage upon your enemies.
   It insulates you from electricity.
   It protects you from poison.
   It makes you less stealthy.
 t - the +7 captain's cutlass {speed, disarm}
   (You found it on level 4 of the Shoals)

   Attacks with this weapon are significantly faster.
Armour
 g - a +1 buckler (worn)
 l - the +2 pair of gloves "Qeamunast" (worn) {rElec}
   (You found it on level 2 of the Lair of Beasts)

   It insulates you from electricity.
 m - the +2 cloak of the Thief (worn) {+Fog Slay-2 SInv Stlth+}
   (You found it on level 4 of the Lair of Beasts)

   It affects your accuracy and damage with ranged weapons and melee attacks
   (-2).
   It lets you see invisible.
   It can be evoked to emit clouds of fog.
   It makes you more stealthy.
 o - a +2 helmet of intelligence (worn)
 p - a +3 leather armour of magic resistance
 s - a +4 troll leather armour (worn) {Snorg}
 x - the +2 pair of boots of the Assassin (worn) {Detection Stab+ Stlth++}
   (You found it on level 4 of the Shoals)

   It makes you much more stealthy.
Jewellery
 n - a +4 ring of intelligence (right hand)
 v - an amulet of magic regeneration (around neck)
 w - a +5 ring of protection (left hand)
Wands
 d - a wand of digging (14/24)
Scrolls
 b - 2 scrolls of fear
 c - 4 scrolls of summoning
 e - 7 scrolls of recharging
 f - 7 scrolls of fog
 i - 9 scrolls of remove curse
 j - 3 scrolls of teleportation
 k - a scroll of magic mapping
 q - 3 scrolls of amnesia
 r - 2 scrolls of immolation
 u - 7 scrolls of identify


   Skills:
 + Level 9.5 Fighting
 + Level 5.4(6.1) Short Blades
   Level 4.4(5.6) Long Blades
 - Level 4.4 Armour
 + Level 8.5 Dodging
 + Level 4.8 Stealth
 - Level 5.4 Shields
 * Level 16.9 Spellcasting
 * Level 12.9 Conjurations
 - Level 2.2 Translocations
 * Level 12.5 Fire Magic
 - Level 1.7 Air Magic
 * Level 1.2 Poison Magic
 - Level 7.5 Invocations


You had 10 spell levels left.
You knew the following spells:

 Your Spells              Type           Power        Failure   Level  Hunger
a - Flame Tongue          Conj/Fire      #####        0%          1    N/A
b - Poison Arrow          Conj/Pois      ######....   24%         6    N/A
c - Sticky Flame          Conj/Fire      ######..     1%          4    N/A
d - Fireball              Conj/Fire      ######....   1%          5    N/A
e - Inner Flame           Hex/Fire       ######..     1%          3    N/A
f - Iskenderun's Mystic   Conj           #######.     1%          4    N/A
g - Conjure Flame         Conj/Fire      ######..     1%          3    N/A
k - Blink                 Tloc           N/A          1%          2    N/A
l - Passage of Golubria   Tloc           N/A          14%         4    N/A
m - Mephitic Cloud        Conj/Pois/Air  ######..     1%          3    N/A
q - Delayed Fireball      Conj/Fire      N/A          12%         7    N/A
r - Repel Missiles        Chrm/Air       ####..       2%          2    N/A


You were on level 1 of the Vaults.
You worshipped Sif Muna.
Sif Muna was extremely pleased with you.
You were not hungry.

You visited 7 branches of the dungeon, and saw 30 of its levels.
You also visited: Labyrinth and Ice Cave.

You collected 2689 gold pieces.
You spent 1532 gold pieces at shops.

......#
#..##'###..#
......#
#.###÷.###.#
......#
####....####
......#
#...)..#
......#
#####)##
......#
##)##
+######
#...# ..
#...# #..
#.@.# O..
##.## .DO.
##'.'# ...#.
...# .O.###
...'.
.)C#... '.'#
.# ###. # ..

Notes
Turn   | Place    | Note
-------+----------+-------------------------------------------
     0 | D:1      | ololoev the Mummy Fire Elementalist began the quest for the Orb.
     0 | D:1      | Reached XP level 1. HP: 13/13 MP: 4/4
    45 | D:1      | Reached skill level 1 in Conjurations
   187 | D:1      | Reached skill level 3 in Spellcasting
   491 | D:1      | Reached XP level 2. HP: 18/19 MP: 6/6
  1053 | D:1      | Reached XP level 3. HP: 22/24 MP: 3/7
  1061 | D:1      | Learned a level 3 spell: Conjure Flame
  1856 | D:2      | Learned a level 3 spell: Mephitic Cloud
  1954 | D:2      | Reached XP level 4. HP: 25/30 MP: 1/9
  2332 | D:2      | Noticed Robin
  2525 | D:2      | Killed Robin
  2667 | D:3      | Reached skill level 1 in Shields
  2873 | D:3      | Found a snail-covered altar of Cheibriados.
  3160 | D:3      | Reached XP level 5. HP: 35/35 MP: 2/10
  3438 | D:3      | Reached skill level 1 in Air Magic
  3730 | D:4      | Found an opulent altar of Gozag.
  3779 | D:4      | Noticed Shenda's ghost (novice FoFi)
  3879 | D:4      | Found a shimmering altar of Xom.
  4243 | D:4      | Reached XP level 6. HP: 41/41 MP: 4/11
  4401 | D:4      | Reached skill level 4 in Spellcasting
  4752 | D:4      | Found a runed door.
  4760 | D:4      | Learned a level 4 spell: Sticky Flame
  4772 | D:4      | Noticed Crazy Yiuf
  4778 | D:4      | Killed Crazy Yiuf
  4822 | D:4      | Noticed Edmund
  5209 | D:4      | Found a staircase to the Ecumenical Temple.
  5217 | Temple   | Entered the Ecumenical Temple
  5231 | Temple   | Became a worshipper of Sif Muna the Loreminder
  5270 | D:4      | Killed Edmund
  5270 | D:4      | Reached skill level 1 in Long Blades
  5270 | D:4      | Reached XP level 7. HP: 25/46 MP: 4/13
  5510 | D:5      | Entered Level 5 of the Dungeon
  5729 | D:5      | Learned a level 3 spell: Inner Flame
  6177 | D:5      | Reached skill level 5 in Spellcasting
  6344 | D:5      | Reached XP level 8. HP: 52/52 MP: 10/15
  6458 | D:6      | Learned a level 2 spell: Repel Missiles
  6561 | D:6      | Reached * piety under Sif Muna
  6561 | D:6      | Reached skill level 1 in Invocations
  7637 | D:7      | Noticed Prince Ribbit
  7984 | D:6      | Killed Prince Ribbit
  7984 | D:6      | Reached skill level 5 in Shields
  7984 | D:6      | Reached skill level 6 in Spellcasting
  7984 | D:6      | Reached XP level 9. HP: 18/57 MP: 2/18
  8401 | D:6      | Learned a level 2 spell: Blink
  8825 | D:7      | Reached skill level 5 in Conjurations
  9169 | D:7      | Found a shattered altar of Ashenzari.
  9899 | D:8      | Noticed a two-headed ogre
  9909 | D:8      | Reached skill level 1 in Translocations
  9916 | D:8      | Killed a two-headed ogre
  9916 | D:8      | Reached ** piety under Sif Muna
  9916 | D:8      | Reached skill level 7 in Spellcasting
  9916 | D:8      | Reached skill level 5 in Fire Magic
  9916 | D:8      | Reached skill level 5 in Invocations
 10047 | D:8      | Found a glowing silver altar of Zin.
 10093 | D:8      | Noticed Pikel
 10271 | D:8      | Killed Pikel
 10271 | D:8      | Reached XP level 10. HP: 63/63 MP: 11/20
 10698 | D:8      | You fall through a shaft!
 10935 | D:9      | Learned a level 5 spell: Fireball
 11124 | D:9      | Reached skill level 1 in Armour
 11360 | D:10     | Entered Level 10 of the Dungeon
 11482 | D:10     | Noticed a gargoyle
 11506 | D:10     | Killed a gargoyle
 11854 | D:10     | Found a staircase to the Orcish Mines.
 11861 | D:10     | Reached skill level 8 in Spellcasting
 12091 | D:10     | Noticed a gargoyle
 12095 | D:10     | Killed a gargoyle
 12227 | D:10     | Reached *** piety under Sif Muna
 12475 | D:10     | Reached XP level 11. HP: 68/68 MP: 1/23
 12697 | D:10     | Noticed Maurice
 12717 | D:10     | Killed Maurice
 13012 | D:10     | Found a roughly hewn altar of Beogh.
 13142 | D:10     | Noticed a two-headed ogre
 13159 | D:10     | Killed a two-headed ogre
 13159 | D:10     | Reached skill level 9 in Spellcasting
 13532 | D:11     | Reached skill level 1 in Fighting
 13712 | D:11     | Found an ancient bone altar of Kikubaaqudgha.
 13774 | D:11     | Reached **** piety under Sif Muna
 14143 | D:11     | Noticed Snorg
 14158 | D:11     | Killed Snorg
 14228 | D:11     | Found a staircase to the Lair.
 14465 | Orc:1    | Entered Level 1 of the Orcish Mines
 14565 | Orc:2    | Entered Level 2 of the Orcish Mines
 14565 | Orc:2    | Noticed an orc knight
 14565 | Orc:2    | Noticed an orc knight
 14566 | Orc:2    | Noticed an orc sorcerer
 14569 | Orc:2    | Noticed an orc knight
 14569 | Orc:2    | Killed an orc knight
 14577 | Orc:1    | Found a frozen archway.
 14622 | IceCv    | Entered an ice cave
 14732 | IceCv    | Noticed a white ugly thing
 14740 | IceCv    | Killed a white ugly thing
 14794 | IceCv    | Reached skill level 10 in Spellcasting
 14794 | IceCv    | Reached XP level 12. HP: 80/80 MP: 4/26
 15703 | D:10     | Noticed a two-headed ogre
 15706 | D:10     | Killed a two-headed ogre
 15706 | D:10     | Reached ***** piety under Sif Muna
 15783 | D:6      | Learned a level 4 spell: Iskenderun's Mystic Blast
 15872 | D:10     | Identified Sif Muna's Volume of Excruciating Necromancy (Sif Muna gifted it to you on level 10 of the Dungeon)
 15872 | D:10     | Received a gift from Sif Muna
 15905 | D:11     | Noticed a two-headed ogre
 15911 | D:11     | Killed a two-headed ogre
 16589 | Lair:1   | Entered Level 1 of the Lair of Beasts
 17045 | Lair:1   | Reached skill level 11 in Spellcasting
 17603 | Lair:2   | Noticed Harold
 17859 | Lair:2   | Killed Harold
 18020 | Lair:2   | Noticed Nergalle
 18034 | Lair:2   | Killed Nergalle
 18063 | Lair:2   | Noticed a four-headed hydra
 18189 | Lair:2   | Killed a four-headed hydra
 18314 | Lair:2   | Gained mutation: You are in touch with the powers of death. [Mummy growth]
 18314 | Lair:2   | Reached XP level 13. HP: 81/88 MP: 2/28
 18532 | D:10     | Learned a level 7 spell: Delayed Fireball
 19315 | Lair:2   | Got a pair of brightly glowing gloves
 19321 | Lair:2   | Identified the +2 pair of gloves "Qeamunast" {rElec} (You found it on level 2 of the Lair of Beasts)
 19587 | Lair:2   | Found a staircase to the Shoals.
 20088 | Lair:3   | Found a sacrificial altar of Ru.
 20494 | Lair:3   | Identified a scroll of acquirement
 21018 | Lair:4   | Identified Sif Muna's Guide on Hexes and Talismans (Sif Muna gifted it to you on level 4 of the Lair of Beasts)
 21018 | Lair:4   | Received a gift from Sif Muna
 21393 | Lair:4   | Reached skill level 12 in Spellcasting
 21683 | Lair:4   | Found a hole to the Spider Nest.
 22388 | Lair:5   | Found a viscous altar of Jiyva.
 22388 | Lair:5   | Found a staircase to the Slime Pits.
 23020 | Lair:5   | Reached skill level 5 in Fighting
 23563 | Lair:6   | Entered Level 6 of the Lair of Beasts
 23772 | Lair:6   | Reached skill level 5 in Dodging
 25041 | Lair:6   | Identified Sif Muna's Easy Witchcraft (Sif Muna gifted it to you on level 6 of the Lair of Beasts)
 25041 | Lair:6   | Received a gift from Sif Muna
 25796 | Orc:2    | Reached XP level 14. HP: 98/98 MP: 0/30
 26840 | Orc:2    | Reached skill level 13 in Spellcasting
 27446 | Orc:2    | Reached skill level 10 in Conjurations
 27589 | Orc:2    | Found a roughly hewn altar of Beogh.
 27589 | Orc:2    | Noticed Azrael
 27621 | Orc:2    | Killed Azrael
 27863 | Orc:2    | Found a staircase to the Elven Halls.
 28395 | Orc:2    | Found Mymuahul's Assorted Antiques.
 28395 | Orc:2    | Found Moonim's Food Shoppe.
 28396 | Orc:2    | Found Ujiw's Assorted Antiques.
 28399 | Orc:2    | Found Zidaas's Gadget Emporium.
 28402 | Orc:2    | Bought a scroll of teleportation for 87 gold pieces
 28406 | Orc:2    | Bought a scroll of teleportation for 114 gold pieces
 28406 | Orc:2    | Bought a scroll of identify for 76 gold pieces
 28408 | Orc:2    | Bought a scroll of identify for 58 gold pieces
 28408 | Orc:2    | Bought an ancient rapier for 261 gold pieces
 28410 | Orc:2    | Bought a blackened book for 570 gold pieces
 28410 | Orc:2    | Identified the Grimoire of Psychosis (You bought it in a shop on level 2 of the Orcish Mines)
 28413 | Orc:2    | Identified the +10 rapier of Compassion {pierce, rElec rPois Stlth-} (You bought it in a shop on level 2 of the Orcish Mines)
 29697 | D:12     | Got an ancient lapis lazuli ring
 29698 | D:12     | Identified the ring "Noiss" {+Fly rPois Str+3 Slay+3} (You found it on level 12 of the Dungeon)
 29911 | D:12     | Found Ogam's Gadget Boutique.
 30727 | D:12     | Noticed Erolcha
 30740 | D:12     | Reached skill level 10 in Fire Magic
 30740 | D:12     | Killed Erolcha
 31240 | D:12     | Got a shimmering ivory ring
 31241 | D:12     | Identified the ring "Bauvya Gela" {rCorr rElec rPois rF- Stlth+} (You found it on level 12 of the Dungeon)
 31309 | D:13     | Reached skill level 1 in Short Blades
 31744 | D:13     | Found a gate to the Vaults.
 31908 | D:13     | DEFE: Тебе осталось пару игр выиграть, что бы Сарапо тотал скору обойти
 31910 | D:13     | ololoev: lol
 31955 | D:13     | Noticed Nessos
 31956 | D:13     | ololoev: nasos!
 31971 | D:13     | Killed Nessos
 32451 | D:13     | Noticed Josephine
 32542 | D:13     | Killed Josephine
 32597 | D:13     | Noticed Kirke
 32640 | D:13     | Killed Kirke
 33000 | D:13     | Received a gift from Sif Muna
 33650 | D:13     | Reached skill level 14 in Spellcasting
 33701 | D:14     | Found a labyrinth entrance.
 33714 | D:14     | Reached XP level 15. HP: 100/107 MP: 4/33
 33735 | Lab      | Entered a labyrinth
 33759 | Lab      | DEFE: ты был двухсотым, кого закоббели
 33759 | Lab      | ololoev: lol
 33759 | Lab      | ololoev: na samom dele nado glyanut
 33759 | Lab      | ololoev: !lg . place=zot -log
 33759 | Lab      | beem: 8. ololoev, XL27 MuFE, T:95917: http://crawl.xtahua.com/crawl/morgue/ololoev/morgue-ololoev-20170131-131317.txt
 33759 | Lab      | ololoev: a ne
 33759 | Lab      | ololoev: ya dumal esli scroll summona bil to on mog bi spasti
 33759 | Lab      | ololoev: randomtele tolko chto spustivshis v z:5 ne hotelos
 33935 | Lab      | ololoev: кстати, кровь на полу и стенах в лабиринте что-то значит?
 33949 | Lab      | Got a faintly glowing chain mail
 33949 | Lab      | Got a faintly glowing pewter ring
 33952 | Lab      | Identified the ring of Naof {+Blink +Fly rN+ Dex+3 Stlth-} (You found it in a labyrinth)
 33964 | Lab      | Identified the +2 chain mail of Sebuogi {+Blink} (You found it in a labyrinth)
 34438 | D:14     | Found a glowing silver altar of Zin.
 34743 | D:14     | ololoev: ya tut vnezapno ponyal
 34743 | D:14     | ololoev: u rapiri damag bolshe, chem u falchiona
 34753 | D:15     | Entered Level 15 of the Dungeon
 35823 | D:15     | Identified Sif Muna's Tome of Creation (Sif Muna gifted it to you on level 15 of the Dungeon)
 35823 | D:15     | Received a gift from Sif Muna
 36420 | D:15     | Found a staircase to the Depths.
 36920 | Spider:1 | Entered Level 1 of the Spider Nest
 37087 | Shoals:1 | Entered Level 1 of the Shoals
 37508 | Shoals:1 | Noticed a kraken
 37560 | Shoals:1 | Killed a kraken
 37560 | Shoals:1 | Reached skill level 15 in Spellcasting
 37773 | Shoals:1 | Reached XP level 16. HP: 117/117 MP: 12/35
 37955 | Shoals:1 | Found Qawami's General Store.
 38355 | Shoals:1 | Bought a scroll of magic mapping for 38 gold pieces
 38751 | Shoals:2 | Found Saabir's Weapon Shop.
 39152 | Shoals:2 | Found Cil Fapu's Distillery.
 41608 | Shoals:4 | Entered Level 4 of the Shoals
 41608 | Shoals:4 | Found Mael's Magic Scroll Emporium.
 41614 | Shoals:4 | Noticed Ilsuiw
 42018 | Shoals:4 | Killed Ilsuiw
 42262 | Shoals:4 | Received a gift from Sif Muna
 42272 | Shoals:4 | Learned a level 4 spell: Passage of Golubria
 42359 | Shoals:4 | Reached skill level 16 in Spellcasting
 42428 | Shoals:4 | Got a barnacled rune of Zot
 42976 | Shoals:4 | Reached XP level 17. HP: 124/124 MP: 22/37
 43287 | Shoals:4 | ololoev: nifiga tut narodu uje!
 43740 | Shoals:4 | Bought a scroll of summoning for 152 gold pieces
 43740 | Shoals:4 | Bought a scroll of identify for 32 gold pieces
 43740 | Shoals:4 | Bought a scroll of fear for 56 gold pieces
 43740 | Shoals:4 | Bought a scroll of identify for 32 gold pieces
 43740 | Shoals:4 | kroki: cyka blyat
 43740 | Shoals:4 | Bought a scroll of fear for 56 gold pieces
 44718 | Shoals:2 | Noticed a kraken
 44910 | Shoals:2 | Killed a kraken
 44910 | Shoals:2 | Reached skill level 5 in Short Blades
 45648 | D:13     | ololoev: gde moi rF cherti?
 45648 | Vaults:1 | Entered Level 1 of the Vaults
 46140 | D:13     | Iwannabefree: маловато инты
 46140 | D:13     | ololoev: lol da u menya tut rF kak-to malovato, a ti pro intu vse
 46229 | Vaults:1 | Iwannabefree: >плащ вора
 46229 | Vaults:1 | Iwannabefree: >тапки ассасина
 46229 | Vaults:1 | Iwannabefree: надо было брать впфе
 46229 | Vaults:1 | ololoev: znal bi prikup
 46229 | Vaults:1 | ololoev: vot kstati
 46229 | Vaults:1 | ololoev: u menya pomoemu kniga s norm hexesami est
 46229 | Vaults:1 | ololoev: hz pravda stoil li togo
 46376 | Vaults:1 | Paralysed by a wizard for 5 turns
 46546 | D:13     | Identified Sif Muna's Further Steps in Magic (Sif Muna gifted it to you on level 13 of the Dungeon)
 46546 | D:13     | Received a gift from Sif Muna
 46556 | D:13     | Learned a level 6 spell: Poison Arrow
 46603 | D:12     | Iwannabefree: !apt mu
 46603 | D:12     | beem: Mu: Fighting: 0, Short: -2, Long: -2, Axes: -2, Maces: -2, Polearms: -2, Staves: -2, Slings: -2, Bows: -2, Xbows: -2, Throw: -2*, Armour: -2, Dodge: -2, Stealth: -1, Shields: -2, UC: -2*, Splcast: 2, Conj: -2, Hexes: -1, Charms: -2, Summ: -2, Nec: 0, Tloc: -2, Tmut: -2, Fire: -2, Ice: -2, Air: -2, Earth: -2, Poison: -2, Inv: -1*, Evo: -2, Exp: -1, HP: 0, MP: 0
 46945 | Vaults:1 | ololoev: fire drognan!!
 47170 | Vaults:1 | Found Baphi's Gadget Emporium.
 47257 | Vaults:1 | Got a translucent mace
 47261 | Vaults:1 | Identified the +3 mace of Xupegise {holy, rPois Str+3} (You found it on level 1 of the Vaults)
 47490 | Vaults:1 | Reached skill level 1 in Poison Magic
 47794 | Vaults:1 | Killed from afar by a fire giant

Dungeon Overview and Level Annotations

Branches:
Dungeon (15/15)            Temple (1/1) D:4            Lair (6/6) D:11
 Shoals (4/4) Lair:2       Spider (1/4) Lair:4        Slime (0/5) Lair:5
    Orc (2/2) D:10            Elf (0/3) Orc:2        Vaults (1/5) D:13
 Depths (0/5) D:15

Altars:
Ashenzari
Cheibriados
Gozag
Kikubaaqudgha
Ru
Sif Muna
Xom
Zin
Beogh
Jiyva

Shops:
D:12 }   Orc:2 }**%   Shoals:1 *   Shoals:2 (!   Shoals:4 ?   Vaults:1 }

Annotations:
D:4 Shenda's ghost, novice FoFi
Orc:2 exclusion: 2 upstairs


Message History

Unknown command.
Unknown command.
Unknown command.
Unknown command.
Unknown command.
Unknown command.
You barely miss the yaktaur captain.
The yaktaur captain is severely wounded.
The yaktaur captain unwields an uncursed arbalest.
The yaktaur captain hits you!
You hit the yaktaur captain but do no damage.
The yaktaur captain is severely wounded.
The yaktaur captain hits you but does no damage.
You puncture the yaktaur captain!
The yaktaur captain is almost dead.
You block the yaktaur captain's attack.
Casting: Fireball
Confirm with . or Enter, or press ? or * to list all spells.
Aiming: Sticky Flame
Press: ? - help, Shift-Dir - straight line, f/p - yaktaur captain
Aim: a yaktaur captain (almost dead)
The sticky flame hits the yaktaur captain.
The yaktaur captain is almost dead.
The yaktaur captain is covered in liquid flames!
The yaktaur captain burns!
The yaktaur captain hits you.
You hit the yaktaur captain.
The yaktaur captain is almost dead.
The yaktaur captain burns!
The yaktaur captain hits you but does no damage.
You hit the yaktaur captain.
You kill the yaktaur captain!
Sif Muna accepts your kill.
You start resting.
HP restored.
You start resting.
A fire giant comes into view.
It is wielding a great sword of flaming.
Unknown command.
Unknown command.
You see here an ugly thing skeleton.
There is an open door here.
You start resting.
Magic restored.
There is an open door here.
Things that are here:
a flail of protection; a leather armour; a human corpse
There is an open door here.
Items here: ( )) [ ÷ †
Things that are here:
a morningstar; a scale mail; a human skeleton The fire giant is too close now for your liking.
Casting: Sticky Flame
Confirm with . or Enter, or press ? or * to list all spells.
Aiming: Poison Arrow
Press: ? - help, Shift-Dir - straight line, f - fire giant
Aim: a fire giant, wielding a great sword of flaming (hasn't noticed you)
You miscast Poison Arrow.
You are very lightly contaminated with residual magic.
Strange energies run through your body.
The fire giant shouts!
Casting: Poison Arrow
Confirm with . or Enter, or press ? or * to list all spells.
Aiming: Poison Arrow
Press: ? - help, Shift-Dir - straight line, f/p - fire giant
Aim: a fire giant, wielding a great sword of flaming The poison arrow hits the fire giant.
The fire giant looks as sick as possible!
The fire giant is heavily wounded.
The fire giant casts a spell at you. The bolt of fire hits you!
The fire burns you terribly!
Casting: Poison Arrow
Confirm with . or Enter, or press ? or * to list all spells.
Aiming: Poison Arrow
Press: ? - help, Shift-Dir - straight line, f/p - fire giant
Aim: a fire giant, wielding a great sword of flaming (heavily wounded, poisoned)
You miscast Poison Arrow.
Sif Muna protects you from the effects of your miscast!
The fire giant gestures at you while chanting.
The bolt of fire hits you! The fire burns you terribly!
Ouch! That really hurt!
You die...

You could see a fire giant.

Vanquished Creatures
  2 krakens
  Kirke (D:13)
  Ilsuiw (Shoals:4)
  A vault warden (Vaults:1)
  4 ironheart preservers (Vaults:1)
  Nessos (D:13)
  Azrael (Orc:2)
  6 merfolk javelineers (Shoals:4)
  Snorg (D:11)
  12 merfolk impalers
  A minotaur (Lab)
  An ice dragon (Vaults:1)
  5 yaktaur captains
  Harold (Lair:2)
  Josephine (D:13)
  6 hydras
  Erolcha (D:12)
  3 merfolk avatars
  4 centaur warriors
  A catoblepas (D:13)
  3 merfolk aquamancers
  An alligator snapping turtle (Shoals:2)
  An ogre mage (Vaults:1)
  10 two-headed ogres
  4 tengu warriors
  An orc high priest (Orc:2)
  Nergalle (Lair:2)
  5 skeletal warriors (D:14)
  A shadow wraith (Vaults:1)
  2 unseen horrors
  An unseen horror (shapeshifter) (Vaults:1)
  13 sea snakes
  A kraken simulacrum (Shoals:4)
  17 harpies
  5 wizards
  Pikel (D:8)
  10 orc knights
  A lindwurm (Lair:4)
  2 ironbrand convokers (Vaults:1)
  A necromancer (D:15)
  4 deep elf magi
  2 wolf spider zombies
  3 wolf spiders (Lair:4)
  10 orc sorcerers
  14 cyclopes
  An oklob plant (Lair:2)
  10 fauns
  16 ugly things
  An elephant (Lair:1)
  20 manticores
  9 merfolk sirens
  4 black mambas
  4 water nymphs
  3 ice statues (IceCv)
  Maurice (D:10)
  2 vault sentinels
  7 spiny frogs
  4 gargoyles
  A kobold demonologist (D:10)
  8 yaktaurs
  4 rime drakes
  An efreet (D:15)
  A freezing wraith (Vaults:1)
  7 komodo dragons
  A tengu conjurer (D:13)
  An ice devil (Lair:6)
  30 merfolk
  10 trolls
  6 wind drakes
  A red devil (Lair:6)
  6 meliai
  2 polar bears
  Prince Ribbit (D:6)
  A hornet (D:11)
  16 dream sheep
  11 blink frogs
  12 snapping turtles
  14 hippogriffs
  A spriggan (D:11)
  6 redbacks
  A human simulacrum (Vaults:1)
  3 shadows
  A wyvern (Lair:3)
  8 wraiths
  10 water elementals
  27 yaks
  3 tarantellas
  2 vampires
  2 fire elementals (Orc:2)
  4 hogs (D:13)
  A steam dragon (D:10)
  5 basilisks
  Edmund (D:4)
  3 wargs
  A soldier ant (D:13)
  11 water moccasins
  A hornet zombie (D:4)
  5 hell hounds
  6 porcupines
  32 orc warriors
  9 ice beasts
  4 sky beasts
  3 slaves (D:8)
  2 eyes of draining
  3 phantoms
  A black bear (Lair:4)
  21 ogres
  6 wolves (Lair:5)
  26 centaurs
  16 crocodiles
  21 bullfrogs
  20 big kobolds
  An elf zombie (D:11)
  An elf skeleton (D:11)
  2 scorpions
  A wyvern skeleton (D:12)
  11 wights
  14 killer bees
  A killer bee (shapeshifter) (D:14)
  3 electric eels (Lair:6)
  4 howler monkeys
  5 crimson imps
  4 bullfrog zombies
  3 jellies
  6 human zombies (D:11)
  4 centaur zombies
  7 hounds
  28 orc priests
  Crazy Yiuf (D:4)
  4 bullfrog skeletons
  10 centaur skeletons
  An iguana (D:9)
  33 orc wizards
  14 worker ants
  An ogre zombie (D:11)
  2 hound zombies
  A hound skeleton (D:6)
  A mummy (D:11)
  A worker ant zombie (D:5)
  Robin (D:2)
  A gnoll (D:1)
  15 adders
  7 shadow imps
  2 oozes (D:1)
  2 worms
  4 dart slugs
  5 leopard geckos
  70 orcs
  7 bats
  4 giant cockroaches
  17 goblins
  8 hobgoblins
  13 jackals
  11 kobolds
  5 quokkas
  A ball python (D:3)
  A ball python skeleton (D:4)
  4 frilled lizards
  2 quokka skeletons
  10 rats
  A bush (Lair:4)
  A butterfly (D:4)
  2 fungi
  25 plants
1033 creatures vanquished.

Vanquished Creatures (collateral kills)
  A fire elemental (Orc:2)
  A hell hound (Orc:2)
  A necrophage (D:10)
  3 orc wizards (Orc:2)
  An orc (Orc:2)
7 creatures vanquished.

Vanquished Creatures (others)
  A sea snake (Shoals:1)
  An orc warrior (Orc:2)
  A slave (D:8)
  A crimson imp (D:8)
  A bush (Lair:4)
  A fire vortex (D:6)
  5 fungi
  13 plants
  20 tentacles
44 creatures vanquished.

Grand Total: 1084 creatures vanquished

Action                   |  1- 3 |  4- 6 |  7- 9 | 10-12 | 13-15 | 16-18 || total
-------------------------+-------+-------+-------+-------+-------+-------++-------
Melee: Hand axe          |    22 |    25 |       |       |       |       ||    47
       Falchion          |       |    26 |   152 |   342 |    94 |       ||   614
       Rapier            |       |       |       |       |   217 |   123 ||   340
 Cast: Flame Tongue      |    77 |   121 |    81 |    99 |    61 |    73 ||   512
       Mephitic Cloud    |       |     9 |    16 |    27 |    26 |     7 ||    85
       Conjure Flame     |       |     6 |    13 |    31 |    53 |     1 ||   104
       Sticky Flame      |       |       |    15 |    43 |    68 |    39 ||   165
       Repel Missiles    |       |       |     2 |     1 |     3 |     4 ||    10
       Inner Flame       |       |       |     1 |    15 |    24 |    11 ||    51
       Fireball          |       |       |       |    72 |   449 |   374 ||   895
       Iskenderun's Myst |       |       |       |     8 |    35 |     4 ||    47
       Blink             |       |       |       |       |    17 |     3 ||    20
       Delayed Fireball  |       |       |       |       |     1 |     2 ||     3
       Poison Arrow      |       |       |       |       |       |    12 ||    12
Invok: Divine Energy     |       |       |       |     2 |       |       ||     2
       Stop Divine Energ |       |       |       |     2 |       |       ||     2
       Channel Magic     |       |       |       |     1 |     8 |     5 ||    14
 Abil: Release Delayed F |       |       |       |       |       |     2 ||     2
Evoke: Wand              |       |     5 |       |       |     3 |       ||     8
       Box of beasts     |       |       |       |     2 |     3 |       ||     5
  Use: Scroll            |       |     4 |     9 |    13 |    24 |     5 ||    55
 Stab: Sleeping          |     1 |     2 |     2 |     4 |       |       ||     9
       Confused          |       |     2 |     3 |     3 |     3 |     1 ||    12
Armor: Robe              |    17 |    12 |    41 |       |       |       ||    70
       Troll leather arm |       |       |       |   106 |   168 |   135 ||   409
Dodge: Dodged            |    39 |    42 |    99 |   183 |   303 |   157 ||   823
       Deflected         |       |       |     1 |     3 |    15 |    15 ||    34
Block: Buckler           |       |     2 |    39 |    89 |    96 |    79 ||   305
       Rpst.: Falchion   |       |     3 |    39 |    47 |    29 |       ||   118

Vault maps used:
D:1:      minmay_arrival_solitary_statue, minmay_distorted
D:2:      grunt_ministairs_10, uniq_robin
D:3:      nicolae_overflow_hidden_temple, first_bread
D:4:      xom_butterflies, minmay_temple_entry_glassed_door,
          kennysheep_big_empty_room, grunt_gozag_statues,
          uniq_crazy_yiuf_cottage, uniq_edmund
D:5:      minmay_misc_feat_nine_boxes
D:6:      due_unseen_surprise
D:7:      cheibrodos_ashenzari_chains, uniq_prince_ribbit1
D:8:      lemuel_doored_altar, basic_altar, serial_shops, shop, uniq_pikel
D:10:     minmay_orc_entry_temple_small, uniq_maurice
D:11:     minmay_lair_entry_lava, the_bakery,
          lemuel_mausoleum_altar_kikubaaqudgha, uniq_snorg
D:12:     minmay_weird_star, serial_shops,
          nicolae_shop_temple_entry_statues_fountains, uniq_erolcha
D:13:     david_vaults_2, uniq_josephine, uniq_nessos, uniq_kirke
D:14:     zin_angel, lab_entry_generic, kennysheep_generic_room_4
D:15:     grunt_enter_depths_magical_seal, nrook_mini_vaults,
          minmay_misc_feat_square
Temple:   minmay_crystal_spiral_temple
Lair:2:   minmay_shoals_entry_hut, minivault_26, fungi_pond_lemuel,
          minmay_lair_oklob_items, uniq_nergalle, uniq_harold
Lair:3:   basic_altar, infiniplex_staircase_pool_2, grunt_megastairs_1,
          serial_bayou_shore_a
Lair:4:   spider_nest_entry_funnel_web, st_stairs_8, wad_woods_06
Lair:5:   slime_altar_1
Lair:6:   evil_forest, nicolae_quartered_pool_super
Shoals:1: serial_shops, nicolae_shop_stone
Shoals:2: serial_shops, shop, nicolae_shoals_c_island
Shoals:4: shoals_end_grunt_ice, shoals_ilsuiw_alternative, serial_shops, shop
Spider:1: spider_trap, spiders_nest_spider_trap
Orc:1:    portal_ice_cave_entry_pillars_2
Orc:2:    st_orc_mages, basic_altar, guppyfry_orc_lava_fort, uniq_azrael
Vaults:1: nicolae_vaults_inception_scallops, v_misc_23, ontoclasm_vaults_chip,
          grunt_vaults_focal, v_pattern_4, vaults_mumra_bighexcomb,
          hangedman_vaults_corner, grunt_vaults_twisty, nicolae_vaults_theta,
          nicolae_vaults_sealed_display, v_alt_pattern_2, v_misc_17,
          vaults_room_fancy_cross, nicolae_vaults_asterisk,
          vaults_room_fancy_cross, serial_shops, shop_statue
Lab:      labyrinth_hidden_loot
IceCv:    ice_cave_statue_garden_chambered
